AoeStats
← Blazing Cartesia, The Virtuous

MegaRandom

503556949Analyzed
1v1 RM · 1mo ago on Sep 1, 2026· 24m 34s· 2 players
Game mode
Random Map
Map size
Tiny (2 player)
Population
200
Speed
Normal
Resources
Standard
Victory
Conquest
Starting age
Dark Age
Ending age
Imperial Age
RankedLock teamsTeams togetherTeam positionsShared explorationLock speedFull tech treeHidden civsTurbo modeCheats
Victory
Defeat
🇨🇱 Italians · Chile
1194
+17
1216
-17
Charlie
10:39 Feudal Age
11:11 Loom
11:34 Double-Bit Axe
15:43 Castle Age
16:22 Scale Barding Armor
20:08 Husbandry
21:26 Gold Mining
21:44 Horse Collar
22:29 Crossbowman
23:49 Fletching
25:06 Bodkin Arrow
Blazing Cartesia, The Virtuous
6:53 Loom
9:42 Feudal Age
10:49 Champi Runner
13:55 Arson
15:29 Double-Bit Axe
21:55 Castle Age
19:59 Horse Collar
20:36 Scale Mail Armor
22:00 Pikeman
22:41 Squires
23:13 Chain Mail Armor
Connection lost

Rejoining the realm…

Still unreachable

The connection could not be restored.

Session expired

The server has moved on; the page needs a fresh start.